Map: Undercurrent LE

Players

Nyck

  • Race: Terran Terran
  • Spawn Location: 3:00

Ekelpack

  • Race: Zerg Zerg
  • Spawn Location: 1:00

AdesHeLL

  • Race: Zerg Zerg
  • Spawn Location: 7:00

DrFolamour

  • Race: Terran Terran
  • League: Platinum
  • Spawn Location: 7:00

VOD

Have the link to the VOD?

Description

Time

  • Played on: Nov. 27, 2024, 2:42 p.m.
  • Length: 12:22
Show
View Real Time Build Order
Export as new Build Order

Nyck Terran 

Build Orders:  

Get SALT Encoding   

  12  0:00  SCV  
  13  0:12  SCV  
  14  0:17  Supply Depot  
  14  0:24  SCV  
  15  0:39  SCV  
  15  0:41  Barracks  
  16  0:51  SCV  
  17  1:05  Barracks, SCV  
  17  1:08  Supply Depot  
  18  1:17  SCV  
  19  1:22  Refinery  
  19  1:29  Marine  
  20  1:34  Orbital Command  
  20  1:50  Marine  
  20  1:52  Marine  
  22  1:56  Barracks  
  22  1:59  SCV  
  23  2:08  Marine  
  23  2:10  Marine  
  23  2:11  SCV  
  26  2:17  Supply Depot  
  26  2:26  SCV, Marine  
  26  2:28  Marine  
  29  2:31  Refinery  
  29  2:38  SCV  
  29  2:43  Supply Depot  
  30  2:44  Factory, Marine x2  
  30  2:47  Marine  
  33  2:53  SCV  
  34  3:02  Marine x2  
  34  3:05  Marine  
  37  3:06  Supply Depot  
  37  3:08  SCV  
  38  3:20  Marine x2  
  38  3:22  Marine  
  38  3:23  SCV  
  42  3:30  Supply Depot, Starport  
  42  3:32  Factory Reactor  
  42  3:38  SCV  
  42  3:40  Barracks Tech Lab  
  43  3:46  Barracks Reactor x2  
  43  3:51  SCV  
  44  4:02  Marine, Bunker  
  49  4:11  Widow Mine x2  
  49  4:20  Supply Depot, Marine  
  49  4:22  Marine x2  
  49  4:23  Marine x2  
  54  4:24  Combat Shield  
  54  4:38  Marine  
  55  4:45  Medivac x2  
  59  5:06  Marine  
  59  5:07  Marine x3  
  60  5:08  Marine  
  60  5:10  Factory Reactor  
  64  5:26  Command Center  
  63  5:45  Stimpack  
  63  5:51  Widow Mine  
  65  6:03  SCV  
  66  6:11  Medivac  
  68  6:12  Command Center  
  68  6:20  SCV  
  69  6:30  Marine x2  
  71  6:39  Marine x3  
  74  6:41  Supply Depot  
  74  6:48  Marine x2  
  74  6:51  SCV  
  77  6:55  Medivac  
  79  7:02  Marine x3, Medivac  
  79  7:03  SCV, Supply Depot  
  79  7:05  Marine x2  
  87  7:20  Marine  
  78  7:25  Supply Depot  
  73  7:37  Marine x4  
  70  7:38  Marine  
  74  7:44  SCV  
  74  7:51  Liberator x2  
  74  7:54  Marine  
  74  7:55  Marine x2  
  74  7:57  Hellion x2  
  76  8:40  Marine x4  
  79  8:42  Marauder  
  81  8:56  Liberator x2  
  81  8:58  Marine  
  88  9:06  Orbital Command  
  88  9:20  Marine x2  
  90  9:24  Marine  
  90  9:25  Marine x2  
  93  9:33  Refinery  
  93  9:35  SCV x2  
  93  9:36  Refinery  
  95  9:40  Supply Depot  
  95  9:41  Liberator  
  95  9:44  Widow Mine  
  100  9:57  SCV x2  
  100  10:17  Command Center  
  100  10:20  Marine  
  100  10:21  Marine x4  
  48  11:40  Marine x5  
  47  11:48  Hellion  
  47  11:49  Hellion  
  50  11:58  Marine x5  
Show
View Real Time Build Order
Export as new Build Order

Ekelpack Zerg 

Build Orders: Hatch First 

Get SALT Encoding   

  12  0:00  Drone  
  13  0:12  Overlord  
  13  0:16  Drone  
  14  0:31  Drone  
  15  0:45  Hatchery  
  15  0:47  Drone  
  15  1:03  Spawning Pool  
  14  1:07  Drone  
  14  1:10  Extractor  
  14  1:14  Drone  
  14  1:16  Drone  
  16  1:22  Drone  
  18  1:32  Drone  
  18  1:42  Drone  
  19  1:50  Queen  
  21  1:58  Queen  
  23  2:04  Drone  
  24  2:08  Overlord  
  24  2:13  Drone  
  24  2:15  Drone  
  26  2:18  Drone  
  27  2:29  Lair  
  27  2:31  Drone  
  28  2:38  Drone  
  28  2:40  Extractor  
  28  2:41  Drone x2  
  28  2:43  Drone  
  31  2:47  Zergling x2  
  32  2:51  Metabolic Boost  
  32  2:57  Overlord  
  32  2:59  Drone  
  33  3:12  Drone  
  34  3:14  Drone x2  
  34  3:17  Overlord  
  34  3:18  Drone x2  
  38  3:30  Extractor  
  37  3:37  Spire  
  37  3:40  Extractor  
  34  3:44  Zergling x10  
  34  3:45  Zergling x6  
  42  3:52  Spine Crawler  
  41  4:19  Drone x2  
  41  4:20  Drone x2  
  41  4:22  Drone x3  
  48  4:26  Overlord  
  47  4:50  Mutalisk x5  
  57  5:11  Hatchery  
  56  5:17  Mutalisk  
  56  5:18  Overlord  
  58  5:45  Overlord  
  58  5:46  Mutalisk x4  
  66  5:50  Zerg Flyer Weapons Level 1  
  66  6:08  Drone  
  66  6:09  Mutalisk x4  
  75  6:22  Overlord  
  75  6:23  Overlord  
  75  6:27  Drone x4  
  75  6:28  Drone  
  75  6:30  Extractor  
  80  6:32  Drone  
  80  6:33  Drone  
  80  6:34  Overlord  
  81  6:54  Mutalisk x2  
  81  6:55  Mutalisk x3  
  81  6:57  Overlord x2  
  89  7:23  Drone x4  
  89  7:24  Drone x3  
  89  7:26  Extractor  
  89  7:27  Queen  
  97  7:44  Zerg Flyer Armor Level 1  
  97  7:46  Roach Warren  
  96  7:52  Evolution Chamber  
  96  7:55  Drone x2, Evolution Chamber  
  51  8:29  Mutalisk x5  
  51  8:30  Mutalisk x4  
  69  8:36  Zergling x14  
  69  8:37  Zergling x4  
  69  8:41  Drone  
  79  8:42  Glial Reconstitution  
  79  8:44  Zerg Missile Weapons Level 1  
  79  8:55  Drone  
  79  8:56  Drone x5  
  85  9:07  Roach  
  85  9:08  Roach x2  
  91  9:11  Overlord x2  
  95  9:24  Roach x5  
  95  9:25  Roach x2  
  95  9:26  Overlord  
  107  9:38  Roach x2  
  107  9:39  Roach x2  
  113  10:07  Zerg Ground Armor Level 1  
  113  10:08  Roach x3  
  113  10:09  Roach x5  
  129  10:18  Overlord x2  
  129  10:19  Overlord  
  129  10:30  Pneumatized Carapace  
  129  10:31  Overseer x2  
  129  10:32  Overseer  
  129  10:35  Overlord x3  
  129  10:36  Queen  
  129  10:41  Drone x3  
  129  10:42  Drone x5  
  116  11:01  Roach x2  
  116  11:02  Roach x4  
  123  11:14  Drone x3  
  113  11:31  Roach x3  
  113  11:32  Roach x4  
  97  11:44  Roach x5  
  83  11:57  Roach x2  
  83  11:58  Roach x4  
Show
View Real Time Build Order
Export as new Build Order

AdesHeLL Zerg 

Build Orders: Hatch First 

Get SALT Encoding   

  12  0:00  Drone  
  13  0:12  Overlord  
  13  0:17  Drone  
  14  0:30  Drone x2  
  14  0:34  Drone  
  17  0:51  Hatchery  
  17  0:54  Drone  
  17  0:56  Drone  
  18  1:08  Extractor  
  17  1:12  Spawning Pool  
  17  1:14  Drone  
  17  1:20  Drone  
  18  1:27  Drone  
  19  1:38  Drone  
  20  1:49  Overlord  
  20  2:00  Queen  
  22  2:04  Queen  
  22  2:05  Drone x2  
  26  2:16  Metabolic Boost  
  26  2:19  Drone x2  
  28  2:31  Hatchery  
  27  2:38  Drone x2  
  27  2:41  Drone x2  
  31  2:45  Drone  
  31  2:48  Overlord  
  32  3:01  Zergling x2  
  32  3:02  Zergling x2  
  32  3:04  Zergling x2  
  35  3:08  Zergling x2  
  35  3:09  Zergling x6  
  39  3:13  Drone x3  
  42  3:26  Overlord x2  
  41  3:46  Queen  
  41  3:47  Lair  
  41  3:48  Drone x8  
  44  3:49  Drone  
  52  4:00  Zergling x2  
  52  4:01  Zergling x6  
  54  4:05  Extractor x2  
  54  4:07  Extractor, Drone x2  
  53  4:10  Baneling Nest  
  53  4:16  Drone x3  
  55  4:18  Drone x2  
  55  4:19  Drone  
  58  4:27  Zergling x8  
  62  4:34  Overlord  
  62  4:35  Evolution Chamber  
  62  4:36  Evolution Chamber  
  62  4:38  Overlord  
  60  4:49  Zergling x2  
  60  4:50  Zergling x10  
  66  4:55  Centrifugal Hooks  
  66  4:56  Baneling x5  
  66  4:58  Baneling  
  66  5:01  Drone x2  
  66  5:05  Drone  
  66  5:06  Drone x2  
  71  5:13  Drone x4  
  75  5:15  Drone  
  75  5:17  Drone  
  75  5:19  Drone  
  78  5:22  Drone  
  79  5:34  Drone x3  
  82  5:36  Overlord x3  
  82  5:37  Extractor x2  
  82  5:39  Zerg Melee Weapons Level 1  
  80  5:43  Queen  
  82  5:53  Queen  
  86  6:02  Drone x2  
  86  6:03  Drone x2  
  90  6:05  Extractor  
  90  6:06  Extractor  
  90  6:07  Drone x3  
  90  6:08  Drone x3  
  94  6:13  Drone x2  
  94  6:15  Drone, Infestation Pit  
  94  6:18  Hatchery  
  95  6:21  Spore Crawler x2  
  95  6:24  Spore Crawler  
  92  6:26  Spore Crawler  
  92  6:27  Spore Crawler  
  92  6:28  Spore Crawler  
  92  6:32  Spore Crawler  
  88  6:43  Drone x2  
  88  6:44  Drone x2  
  92  6:47  Drone x2  
  92  6:53  Drone  
  95  6:54  Drone  
  96  7:05  Drone  
  97  7:13  Hatchery  
  96  7:18  Overlord x3  
  96  7:19  Overlord x3  
  96  7:21  Infestor, Hive  
  98  7:23  Overlord x3  
  97  7:49  Zerg Melee Weapons Level 2  
  97  7:50  Infestor x2, Zerg Ground Armor Level 1  
  97  7:51  Infestor x5  
  111  8:25  Drone x8  
  111  8:26  Drone x6  
  125  8:35  Extractor  
  125  8:38  Hatchery, Spore Crawler  
  125  8:39  Extractor  
  125  8:40  Spore Crawler  
  120  8:41  Extractor x2  
  118  8:55  Pneumatized Carapace  
  118  8:56  Adrenal Glands  
  118  8:57  Neural Parasite  
  118  9:01  Zergling x38  
  118  9:02  Zergling x2  
  138  9:11  Burrow  
  138  9:32  Baneling x14  
  138  9:36  Ultralisk Cavern  
  138  9:37  Hydralisk Den  
  136  9:45  Infestor x4  
  138  9:46  Infestor  
  146  10:03  Overlord x9  
  146  10:06  Overseer x4  
  146  10:19  Drone x18  
  146  10:20  Drone x3  
  167  10:24  Queen  
  169  10:40  Spore Crawler  
  169  10:42  Spore Crawler x2  
  166  10:43  Drone x6, Spore Crawler  
  166  10:44  Drone, Spore Crawler  
  166  10:45  Infestor x13  
  166  10:48  Chitinous Plating, Muscular Augments  
  171  10:56  Infestor x7  
  146  11:56  Zergling x10  
  146  11:57  Zergling x52  
  177  12:14  Hatchery  
  177  12:15  Hatchery  
  175  12:16  Hatchery  
Show
View Real Time Build Order
Export as new Build Order

DrFolamour Terran 

Build Orders:  

Get SALT Encoding   

  12  0:00  SCV  
  13  0:12  SCV  
  14  0:19  Supply Depot  
  14  0:24  SCV  
  15  0:40  SCV  
  15  0:42  Barracks  
  16  0:53  SCV  
  17  1:05  SCV  
  18  1:17  SCV  
  19  1:32  Marine, Command Center  
  19  1:37  Orbital Command  
  20  1:56  Command Center  
  20  2:00  Marine  
  21  2:02  SCV  
  22  2:18  Marine, Bunker  
  22  2:20  Bunker  
  23  2:27  Refinery  
  23  2:36  Refinery  
  23  2:37  Barracks  
  23  2:44  SCV, Marine  
  23  2:50  Orbital Command  
  25  2:56  SCV  
  26  3:07  Orbital Command  
  26  3:08  SCV  
  26  3:10  Marine  
  28  3:17  SCV  
  29  3:20  SCV  
  29  3:25  Barracks Tech Lab, Engineering Bay  
  30  3:29  SCV  
  30  3:32  SCV  
  32  3:37  Marine  
  33  3:42  SCV  
  33  3:43  SCV  
  33  3:45  SCV, Marine, Stimpack  
  37  3:52  Missile Turret  
  37  3:54  Missile Turret, SCV  
  38  3:57  Terran Infantry Weapons Level 1  
  38  3:58  SCV  
  39  4:03  Marine  
  39  4:04  Marine  
  39  4:06  SCV, Factory  
  39  4:09  SCV  
  43  4:10  SCV  
  44  4:18  SCV  
  44  4:21  SCV, Marine  
  44  4:23  Barracks  
  47  4:28  Barracks  
  47  4:29  Marine  
  48  4:31  SCV  
  48  4:32  SCV  
  48  4:33  SCV  
  48  4:35  Refinery  
  51  4:38  Refinery  
  51  4:43  SCV  
  51  4:44  SCV  
  53  4:54  Supply Depot  
  53  4:55  SCV, Factory Tech Lab, Marine x2  
  53  4:56  SCV  
  53  4:59  SCV  
  58  5:09  Missile Turret  
  58  5:11  Barracks Reactor, SCV  
  58  5:13  Marine x2  
  61  5:14  Starport  
  61  5:16  Barracks Reactor, SCV  
  61  5:19  SCV  
  63  5:23  Supply Depot  
  63  5:24  SCV, Combat Shield  
  63  5:25  Siege Tank  
  63  5:28  SCV, Supply Depot  
  67  5:31  SCV  
  69  5:41  Bunker  
  69  5:44  SCV x3, Marine  
  69  5:45  Barracks Reactor  
  69  5:46  Supply Depot  
  69  5:48  Marine x2  
  75  5:50  Supply Depot  
  75  5:51  Terran Infantry Armor Level 1  
  75  5:53  Starport Reactor  
  75  5:54  Marine x2  
  75  5:56  SCV x2  
  79  5:59  Siege Tank  
  79  6:02  SCV, Marine  
  84  6:05  Marine  
  84  6:07  Marine  
  84  6:08  SCV x2  
  84  6:09  Supply Depot  
  88  6:12  Marine  
  88  6:14  SCV  
  90  6:21  Barracks  
  90  6:22  Supply Depot  
  90  6:24  Missile Turret x2  
  90  6:26  Missile Turret x2  
  90  6:27  Missile Turret, SCV x3  
  90  6:28  Missile Turret  
  93  6:33  Marine  
  93  6:34  Marine x4  
  93  6:39  SCV  
  98  6:41  Missile Turret  
  98  6:43  SCV x2  
  98  6:44  Missile Turret  
  98  6:45  Supply Depot  
  100  6:49  Armory  
  100  6:51  Engineering Bay  
  100  6:52  Marine x2  
  102  6:55  SCV x2  
  100  7:13  Marine  
  100  7:14  Siege Tank, Marine x5, Medivac x2  
  100  7:15  SCV, Marine x2  
  115  7:16  SCV x2  
  118  7:30  Barracks  
  118  7:31  Marine  
  118  7:32  Refinery, Barracks, Marine x3  
  118  7:33  Refinery, Barracks  
  122  7:39  Terran Infantry Weapons Level 2  
  122  7:43  Missile Turret  
  122  7:45  Missile Turret  
  122  7:47  Supply Depot  
  122  7:49  Supply Depot  
  122  7:52  Marine x3  
  125  8:07  Medivac  
  125  8:08  Medivac  
  106  8:23  Marine  
  106  8:24  Marine x7  
  99  8:34  Marine  
  99  8:35  Siege Tank, Marine x2  
  99  8:37  Medivac x2  
  102  8:41  Marine x8  
  110  8:49  Terran Infantry Armor Level 2  
  110  8:52  Marine  
  111  8:58  Missile Turret  
  111  9:00  Missile Turret  
  109  9:03  Marine x8  
  109  9:04  Marine x2  
  109  9:09  Refinery, Medivac x2  
  122  9:10  Siege Tank, Marine  
  122  9:11  Refinery  
  126  9:21  Marine x5  
  131  9:30  Barracks Reactor x2  
  131  9:34  Missile Turret  
  131  9:37  Missile Turret x2  
  131  9:39  Missile Turret  
  131  9:41  SCV x3  
  131  9:42  Siege Tank  
  137  9:51  Command Center  
  137  9:52  Missile Turret  
  137  9:53  SCV  
  137  9:56  Missile Turret  
  137  9:59  Terran Vehicle And Ship Armor Level 1, Medivac  
  137  10:00  Medivac  
  137  10:03  Supply Depot  
  139  10:09  Barracks Reactor  
  139  10:15  SCV  
  139  10:19  Supply Depot  
  140  10:24  Thor  
  140  10:26  Concussive Shells  
  140  10:27  Marine  
  147  10:29  Medivac  
  147  10:34  Supply Depot  
  149  10:36  SCV x3, Medivac  
  149  10:41  Barracks Tech Lab  
  154  10:48  SCV  
  143  11:03  Marine x9  
  126  11:08  Marine x5  
  126  11:09  Thor, Medivac x2  
  126  11:10  SCV x2  
  133  11:20  Marine  
  133  11:21  Marine x3  
  133  11:24  Planetary Fortress  
  135  11:27  Marine x10  
  145  11:38  Marine x2  
  143  11:49  Marine x10, Marauder x2  
  143  11:50  Medivac x2  
  161  11:56  Marine x2  
Tags
 
Add a new tag
Caveats
  • Supply blocks, unpowered buildings, or Contaminate may cause inaccurate times.
  • Supply counts are checked every 10 seconds.